 Dungeon Crawl Stone Soup version 0.20.1-1-g8b1a95d (webtiles) character file.

115 troglodite the Skirmisher (level 4, -3/36 HPs)
             Began as a Demonspawn Berserker on Dec 13, 2017.
             Was a Believer of Trog.
             Slain by an orc
             ... wielding a +0 trident
              (7 damage)
             ... on level 3 of the Dungeon.
             The game lasted 00:08:57 (2444 turns).

troglodite the Skirmisher (Demonspawn Berserker)    Turns: 2444, Time: 00:08:59

Health: -3/36      AC: 11    Str: 17    XL:     4   Next: 68%
Magic:  4/4        EV:  7    Int:  9    God:    Trog [**....]
Gold:   164        SH:  3    Dex: 13    Spells: 3/3 levels left

rFire    . . .     SeeInvis .   v - +3 dagger (venom)
rCold    . . .     Gourm    .   u - +0 buckler
rNeg     . . .     Faith    .   p - +0 chain mail
rPois    .         Spirit   .   j - +0 helmet
rElec    .         Reflect  .   (no cloak)
rCorr    .         Harm     .   s - +0 pair of gloves
MR       .....                  (no boots)
Stlth    ..........             (no amulet)
Regen    0.2/turn               (no ring)
MPRegen  0.1/turn               (no ring)

@: no status effects
A: foul stench 1, rot immunity
a: Berserk, Trog's Hand, Burn Spellbooks, Renounce Religion


You were on level 3 of the Dungeon.
You worshipped Trog.
Trog was pleased with you.
You were not hungry.

You visited 1 branch of the dungeon, and saw 3 of its levels.

You collected 164 gold pieces.

Inventory:

Hand Weapons
 a - a +0 falchion
 v - a +3 dagger of venom (weapon)
Armour
 j - a +0 helmet (worn)
 p - a +0 chain mail (worn)
 s - a +0 pair of gloves (worn)
 u - a +0 buckler (worn)
Wands
 n - a wand of iceblast (6/15)
Scrolls
 b - a scroll of teleportation {unknown}
 e - 2 scrolls of recharging {unknown}
 h - 2 scrolls of identify {unknown}
 i - a scroll of fog {unknown}
 l - 2 scrolls of blinking {unknown}
 o - a scroll of magic mapping {unknown}
 r - a scroll of fear {unknown}
 t - a scroll of amnesia {unknown}
Potions
 f - a potion of curing {unknown}
 g - a potion of heal wounds {unknown}
 k - 2 potions of resistance {unknown}
 m - a potion of flight {unknown}
 w - a potion of might {unknown}
 x - a potion of degeneration {unknown}
 A - a potion of agility {unknown}
Comestibles
 c - 2 bread rations
 d - 2 meat rations
 q - 2 royal jellies
 z - a chunk of flesh


   Skills:
 * Level 3.6 Fighting
 + Level 3.4 Long Blades
 * Level 2.8 Armour
 * Level 2.4 Dodging
 * Level 0.3 Shields


You had 3 spell levels left.
You didn't know any spells.

Dungeon Overview and Level Annotations

Branches:
Dungeon (3/15)

Altars:


Innate Abilities, Weirdness & Mutations

You may emit foul miasma when damaged in melee.
You are immune to rotting.


Message History

You see here a stone.
The orc wizard shouts!
The orc hits you from afar with a trident.
The orc wizard casts a spell.
The orc wizard flickers and vanishes!
Deactivating autopickup; reactivate with Ctrl-A.
The orc priest drinks a potion.
The orc priest seems to speed up.
The orc hits you with a trident.
The orc looks sick.
Something unseen opens the door.
You hit the orc but do no damage.
The orc is poisoned.
The orc priest calls down the wrath of Beogh upon you.
Beogh smites you! The orc hits you but does no damage.
You hear a shout!
You closely miss the orc.
The orc is lightly wounded.
The orc priest calls down the wrath of Beogh upon you.
Beogh smites you!
* * * LOW HITPOINT WARNING * * *
The orc hits you with a trident!
You die...

#.##.#.#.#######.#######........#
.......#.##.....................#
.......).###.###.#######........#
#......#.###.###................#
.....#..........(...............#
.....#.#.###.###(...............#
................(.........†....##
#..#...#.#.#.#.#.#######(......#
.......#.#.#.#.#@# #.......#
#..#............o...#..........#
#..#.............o.............#
#..#.#############.###.#.#..#'##
....(# ##8## .'.....#.....#
#.#..##8...8 o###.#.#.....#
.....##..... . ..........#
#..#.#>..... ... ###.....#
...#.##..... #.###...


You could see an orc priest and 2 orcs.

Vanquished Creatures
  An orc wizard (D:3)
  2 adders
  2 oozes
  2 dart slugs (D:1)
  2 leopard geckos (D:1)
  5 orcs (D:3)
  4 giant cockroaches
  5 goblins
  8 hobgoblins
  5 bats
  3 frilled lizards
  5 kobolds
  7 rats
51 creatures vanquished.

Notes
Turn   | Place    | Note
-------+----------+-------------------------------------------
     0 | D:1      | troglodite the Demonspawn Berserker began the quest for the Orb.
     0 | D:1      | Reached XP level 1. HP: 18/18 MP: 1/1
   540 | D:1      | You fall through a shaft!
   620 | D:2      | Gained mutation: You are immune to rotting. [demonic ancestry]
   620 | D:2      | Reached XP level 2. HP: 24/24 MP: 2/2
   726 | D:2      | Reached XP level 3. HP: 29/29 MP: 3/3
   961 | D:1      | Reached ** piety under Trog
  1936 | D:3      | Gained mutation: You may emit foul miasma when damaged in melee. [demonic ancestry]
  1936 | D:3      | Reached XP level 4. HP: 15/36 MP: 4/4
  2444 | D:3      | Slain by an orc

Skill      XL: |  1  2 |
---------------+-------+-----
Dodging        | 2 |  2.4
Long Blades    | 3 |  3.4
Armour         | 2 |  2.8
Fighting       | |  3.6
Shields        | |  0.3

Action                   |  1- 3 |  4- 6 || total
-------------------------+-------+-------++-------
Melee: Falchion          |   144 |    11 ||   155
       Dagger            |       |    17 ||    17
Invok: Berserk           |     2 |       ||     2
  Eat: Chunk             |     4 |     3 ||     7
Armor: Animal skin       |     4 |       ||     4
       Ring mail         |    13 |       ||    13
       Chain mail        |    96 |    20 ||   116
Dodge: Dodged            |    77 |    15 ||    92
Block: Buckler           |     3 |     3 ||     6
       Rpst.: Falchion   |    31 |     2 ||    33
